 Dungeon Crawl Stone Soup version 0.31-a0-219-g8d62b2e7bb (webtiles) character file.

Game seed: 5761910254811093922

4592 qw the Blocker (level 10, -3/60 HPs)
             Began as a Gargoyle Fighter on July 3, 2023.
             Was a Follower of Okawaru.
             Killed from afar by an oklob plant (30 damage)
             ... with a splash of acid
             ... on level 8 of the Dungeon.
             The game lasted 00:03:52 (7479 turns).

qw the Blocker (Gargoyle Fighter)                   Turns: 7479, Time: 00:03:53

Health: -3/60      AC: 17    Str: 21 (23) XL:     10   Next: 41%
Magic:  9/11       EV:  7    Int:  9 (10) God:    Okawaru [*.....]
Gold:   394        SH: 18    Dex:  9      Spells: 9/9 levels left

rFire   + . .        Y - +4 war axe (venom)
rCold   . . .        h - +0 tower shield
rNeg    + . .        l - +0 plate armour
rPois   inf          (no helmet)
rElec   +            t - +0 cloak
rCorr   .            (no gloves)
SInv    +            f - +1 pair of boots
Will    .....        (no amulet) Stlth
                     i - ring of see invisible
HPRegen 0.30/turn    a - +4 ring of slaying {mikee}
MPRegen 0.12/turn

%: no passive effects
@: heroic, corroded
A: sickness immunity, AC +7, negative energy resistance 1, electricity
resistance, torment resistance 1, petrification resistance, fire resistance 1,
low MP 1
a: Renounce Religion, Heroism


You were on level 8 of the Dungeon.
You worshipped Okawaru.
Okawaru was aware of your devotion.
You visited 2 branches of the dungeon, and saw 9 of its levels.
You also visited: Sewer and Ossuary.

You collected 394 gold pieces.


Innate Abilities, Weirdness & Mutations

You are immune to sickness and miasma.
Your stone body is resilient. (AC +7)
You are immune to poison.
You resist negative energy. (rN+)
You are resistant to electric shocks. (rElec)
You are resistant to unholy torment.
You are immune to petrification.
Your flesh is heat resistant. (rF+)
Your magical capacity is low. (-10% MP)


   Skills:
 - Level 6.1(11.1) Fighting
 + Level 8.1(13.1) Axes
 - Level 5.3(10.3) Armour
 - Level 1.2(6.2) Dodging
 - Level 11.0(16.0) Shields
 - Level 4.2 Invocations


You had 9 spell levels left.
You didn't know any spells.
Your spell library was empty.

Inventory:

Hand Weapons
 g - a +1 flail of protection
 Y - a +4 war axe of venom (weapon)
Armour
 f - a +1 pair of boots (worn)
 h - a +0 tower shield (worn)
 l - a +0 plate armour (worn)
 o - a +1 cloak
 t - a +0 cloak (worn)
Jewellery
 a - a +4 ring of slaying (right hand) {mikee}
 b - a ring of willpower
 i - a ring of see invisible (left hand)
Scrolls
 r - a scroll of identify
 s - 2 scrolls of teleportation
Potions
 c - 6 potions of curing
 d - 4 potions of might
 e - 3 potions of haste
 j - 3 potions of magic
 k - a potion of lignification
 m - 2 potions of mutation
 n - 2 potions of attraction
 p - 3 potions of heal wounds

Dungeon Overview and Level Annotations

Branches:
Dungeon (8/15)             Temple (1/1) D:4           Sewer (visited)
Ossuary (visited)
   Lair: D:8-11

Altars:
Ashenzari
Cheibriados
Dithmenos
Elyvilon
Fedhas
Gozag
Hepliaklqana
Makhleb
Nemelex Xobeh
Okawaru
Qazlal
Ru
Sif Muna
Trog
Uskayaw
Vehumet
Wu Jian
Xom
Yredelemnul
Zin
The Shining One

Shops:
D:5 (


Message History

You hit the plant.
A nearby plant withers and dies. x2
Found a stone.
Enter note:
Enter note:
Enter note:
Enter note:
Enter note:
Enter note: You slice the plant!!
The plant begins to die.
The plant is lightly damaged.
You slash the plant!
The plant begins to die.
The plant is poisoned.
You slash the plant!
The plant is poisoned.
The plant is lightly damaged.
You hit the plant. You slash the plant!
The plant is moderately damaged.
You slash the plant!
You feel like a meek peon again.
A nearby plant withers and dies. x2
The oklob plant spits acid at you. The splash of acid hits you!!
The acid corrodes you!
7477 ||| INVOKING Heroism.
You gain the combat prowess of a mighty hero.
The oklob plant spits acid at you. The splash of acid hits you!
The acid corrodes you!
Enter note:
Enter note:
Enter note:
Enter note:
Enter note:
Enter note: You slash the oklob plant!
The oklob plant looks as sick as possible!
The oklob plant is lightly damaged.
You slash the oklob plant! You slash the plant!
The plant begins to die.
The oklob plant spits acid at you. The splash of acid hits you!!
Ouch! That really hurt!
You die...

##..........
#...............
###...............
#........P.P......
##.......PP)P......
#.......PP?.PPP....
####...........=P.....
##..'.........>.PP.....
#..##..........@PP...(.
##.###...........PP.....
)...............P.......
.......................#
.......................#
......................##
......###...........###
........###....######
####....# #####


You could see 2 oklob plants.

Vanquished Creatures
  An oklob plant (D:8)
  A steam dragon (D:6)
  Edmund (D:5)
  A floating eye (D:8)
  A water moccasin (D:7)
  4 ice beasts
  2 orc warriors
  A sky beast (D:7)
  A black bear (D:5)
  3 ogres
  A centaur (D:5)
  2 phantoms (D:6)
  A kobold brigand (D:7)
  Blork the orc (D:5)
  6 bullfrogs
  2 scorpions
  2 water moccasin zombies (Ossuary)
  11 wights
  4 howler monkeys
  3 jellies
  5 orc priests
  A gnoll bouda (D:7)
  3 hounds
  2 orc wizards (D:6)
  2 iguanas
  2 mummies (Ossuary)
  17 adders
  20 gnolls
  6 river rats
  A shadow imp (D:8)
  A white imp (D:7)
  5 adder zombies (Ossuary)
  3 worms
  2 dart slugs
  29 orcs
  12 ball pythons
  3 bats
  12 endoplasms
  3 giant cockroaches
  5 goblins
  4 hobgoblins
  15 jackals
  11 kobolds
  6 frilled lizards
  3 hobgoblin zombies (Ossuary)
  5 kobold zombies (Ossuary)
  7 orc zombies (Ossuary)
  26 rats
260 creatures vanquished.

Notes
Turn   | Place    | Note
-------+----------+-------------------------------------------
     0 | D:1      | qw the Gargoyle Fighter began the quest for the Orb.
     0 | D:1      | Reached XP level 1. HP: 14/14 MP: 1/1
     0 | D:1      | 0 ||| qw: Version: 0.3-a-40-ge99b1a8
     0 | D:1      | 0 ||| qw: Game counter: 376
     0 | D:1      | 0 ||| qw: Melee chars always use a shield: true
     0 | D:1      | 0 ||| qw: God list: Okawaru
     0 | D:1      | 0 ||| qw: Allow faded altars: false
     0 | D:1      | 0 ||| qw: Do Orc after clearing Dungeon:15 true
     0 | D:1      | 0 ||| qw: Do second Lair branch before Depths: true
     0 | D:1      | 0 ||| qw: Lair rune preference: random
     0 | D:1      | 0 ||| qw: Goals: Normal, Zot:1-4, Slime:5, God:TSO, Crypt,
                  | Tomb, Abyss, Pan, Hells, Win
     0 | D:1      | 0 ||| PLANNING D:1-11
    38 | D:1      | 38 ||| FLEEEEING.
    40 | D:1      | 40 ||| FLEEEEING.
    41 | D:1      | 41 ||| FLEEEEING.
   107 | D:1      | Reached XP level 2. HP: 19/19 MP: 2/2
   114 | D:1      | 114 ||| DROPPING +0 whip.
   190 | D:1      | 190 ||| Stepping ~*~*~tactically~*~*~ (hiding).
   191 | D:1      | 191 ||| Stepping ~*~*~tactically~*~*~ (hiding).
   264 | D:1      | Reached skill level 3 in Axes
   278 | D:1      | 278 ||| Stepping ~*~*~tactically~*~*~ (stealth).
   286 | D:1      | Reached XP level 3. HP: 23/23 MP: 3/3
   597 | D:1      | 597 ||| UPGRADING to +0 tower shield.
   607 | D:1      | 607 ||| DROPPING +0 buckler.
   608 | D:1      | 608 ||| UPGRADING to ring of see invisible.
   609 | D:1      | 609 ||| READING scroll labelled JIPSAG ZULO.
   610 | D:1      | 610 ||| READING scroll labelled SUGRAQ CIGHEOPP.
   717 | D:2      | 717 ||| Stepping ~*~*~tactically~*~*~ (stealth).
   719 | D:2      | 719 ||| Stepping ~*~*~tactically~*~*~ (stealth).
   730 | D:2      | 730 ||| Stepping ~*~*~tactically~*~*~ (stealth).
   751 | D:2      | 751 ||| Stepping ~*~*~tactically~*~*~ (stealth).
   757 | D:2      | 757 ||| Stepping ~*~*~tactically~*~*~ (stealth).
   760 | D:2      | 760 ||| Stepping ~*~*~tactically~*~*~ (stealth).
   761 | D:2      | 761 ||| Stepping ~*~*~tactically~*~*~ (stealth).
   810 | D:2      | 810 ||| Stepping ~*~*~tactically~*~*~ (stealth).
   811 | D:2      | 811 ||| Stepping ~*~*~tactically~*~*~ (stealth).
   816 | D:2      | Reached skill level 4 in Shields
   816 | D:2      | Reached XP level 4. HP: 28/28 MP: 4/4
  1086 | D:2      | 1086 ||| UPGRADING to +4 ring of slaying {mikee}.
  1087 | D:2      | 1087 ||| READING scroll labelled QIUNADOASKY.
  1088 | D:2      | 1088 ||| DRINKING 2 red potions.
  1096 | D:2      | 1096 ||| DROPPING potion of ambrosia.
  1121 | D:3      | 1121 ||| PLANNING SEWER
  1132 | D:3      | Found a glowing drain.
  1152 | Sewer    | Entered a sewer
  1167 | Sewer    | 1167 ||| Stepping ~*~*~tactically~*~*~ (water).
  1204 | Sewer    | 1204 ||| Stepping ~*~*~tactically~*~*~ (stealth).
  1211 | Sewer    | 1211 ||| Stepping ~*~*~tactically~*~*~ (stealth).
  1213 | Sewer    | 1213 ||| Stepping ~*~*~tactically~*~*~ (stealth).
  1218 | Sewer    | Reached skill level 5 in Shields
  1218 | Sewer    | Reached XP level 5. HP: 32/32 MP: 5/5
  1399 | Sewer    | 1399 ||| Stepping ~*~*~tactically~*~*~ (water).
  1408 | Sewer    | Reached skill level 6 in Shields
  1412 | Sewer    | Reached skill level 7 in Shields
  1412 | Sewer    | Reached XP level 6. HP: 22/37 MP: 6/6
  1490 | Sewer    | 1490 ||| UPGRADING to +0 chain mail.
  1500 | Sewer    | 1500 ||| DROPPING +0 scale mail.
  1501 | Sewer    | 1501 ||| READING scroll labelled ZOXECH QEN BIXT.
  1526 | Sewer    | 1526 ||| READING 3 scrolls labelled VEGINA IPHAC.
  1527 | Sewer    | 1527 ||| READING scroll labelled QENNA WOCRE.
  1528 | Sewer    | 1528 ||| READING scroll labelled SEYQOTENOBA.
  1532 | Sewer    | 1532 ||| READING scroll labelled LEBROO MAPU.
  1533 | Sewer    | 1533 ||| DRINKING 2 purple potions.
  1534 | Sewer    | 1534 ||| DROPPING 2 scrolls of fear.
  1562 | D:3      | 1562 ||| PLANNING D:1-11
  2144 | D:3      | Found a faded altar of an unknown god.
  2166 | D:3      | 2166 ||| READING scroll labelled HAROAH YRECK.
  2167 | D:3      | 2167 ||| READING scroll labelled ANOCAZXO DEHUIFE.
  2168 | D:3      | 2168 ||| READING scroll labelled YLLEOL KIGIAFF.
  2269 | D:3      | 2269 ||| READING scroll labelled IKUJ YNOKKA.
  2270 | D:3      | 2270 ||| DRINKING 2 glowing brown potions.
  2299 | D:4      | 2299 ||| Stepping ~*~*~tactically~*~*~ (hiding).
  2311 | D:4      | Reached XP level 7. HP: 36/41 MP: 7/7
  2334 | D:4      | Found a snail-covered altar of Cheibriados.
  2524 | D:4      | 2524 ||| Stepping ~*~*~tactically~*~*~ (hiding).
  2526 | D:4      | 2526 ||| Stepping ~*~*~tactically~*~*~ (hiding).
  2557 | D:4      | 2557 ||| Stepping ~*~*~tactically~*~*~ (stealth).
  2558 | D:4      | 2558 ||| DROPPING +0 mace.
  2562 | D:4      | Identified the +9 sling "Lifebane" {freeze, Stlth+}
  2566 | D:4      | Found a staircase to the Ecumenical Temple.
  2567 | D:4      | 2567 ||| PLANNING TEMPLE
  2568 | D:4      | 2568 ||| FLEEEEING.
  2569 | D:4      | 2569 ||| FLEEEEING.
  2570 | D:4      | 2570 ||| FLEEEEING.
  2571 | D:4      | 2571 ||| FLEEEEING.
  2572 | D:4      | 2572 ||| FLEEEEING.
  2573 | D:4      | 2573 ||| FLEEEEING.
  2574 | D:4      | 2574 ||| FLEEEEING.
  2575 | D:4      | 2575 ||| FLEEEEING.
  2576 | D:4      | 2576 ||| FLEEEEING.
  2577 | D:4      | 2577 ||| FLEEEEING.
  2578 | D:4      | 2578 ||| FLEEEEING.
  2579 | D:4      | 2579 ||| FLEEEEING.
  2580 | D:4      | 2580 ||| FLEEEEING.
  2581 | D:4      | 2581 ||| FLEEEEING.
  2582 | D:4      | 2582 ||| FLEEEEING.
  2583 | D:4      | 2583 ||| FLEEEEING.
  2584 | D:4      | 2584 ||| FLEEEEING.
  2585 | D:4      | 2585 ||| FLEEEEING.
  2586 | D:4      | 2586 ||| FLEEEEING.
  2618 | D:4      | 2618 ||| READING scroll labelled CISETE YGILL.
  2619 | D:4      | 2619 ||| READING 2 scrolls of identify.
  2619 | D:4      | 2619 ||| IDENTIFYING emerald potion
  2646 | D:4      | 2646 ||| UPGRADING to +0 pair of boots.
  2660 | Temple   | Entered the Ecumenical Temple
  2672 | Temple   | 2672 ||| PLANNING OKAWARU WORSHIP
  3190 | Temple   | Became a worshipper of Warmaster Okawaru
  3191 | Temple   | 3191 ||| PLANNING D:1-11
  3284 | D:4      | Reached skill level 8 in Shields
  3552 | D:5      | Entered Level 5 of the Dungeon
  3558 | D:5      | Noticed Blork the orc
  3566 | D:5      | Killed Blork the orc
  3610 | D:5      | 3610 ||| READING 3 scrolls of enchant weapon.
  3610 | D:5      | 3610 ||| ENCHANTING +1 war axe of venom.
  3611 | D:5      | 3611 ||| READING 2 scrolls of enchant weapon.
  3611 | D:5      | 3611 ||| ENCHANTING +2 war axe of venom.
  3612 | D:5      | 3612 ||| READING scroll of enchant weapon.
  3612 | D:5      | 3612 ||| ENCHANTING +3 war axe of venom.
  3616 | D:5      | Found a bloodstained altar of Trog.
  3665 | D:5      | Noticed Edmund
  3673 | D:5      | Killed Edmund
  3674 | D:5      | Reached XP level 8. HP: 27/46 MP: 8/8
  3746 | D:5      | 3746 ||| DROPPING +0 flail.
  3754 | D:5      | 3754 ||| Stepping ~*~*~tactically~*~*~ (hiding).
  3893 | D:5      | 3893 ||| Stepping ~*~*~tactically~*~*~ (stealth).
  3900 | D:5      | Found Vieroc's Hydra Hut.
  3910 | D:5      | Reached skill level 9 in Shields
  3962 | D:5      | Noticed a four-headed hydra
  4325 | D:5      | Reached * piety under Okawaru
  4395 | D:5      | Found a hide-covered altar of Uskayaw.
  4395 | D:5      | Found a stormy altar of Qazlal.
  4396 | D:5      | 4396 ||| INVOKING Heroism.
  4397 | D:5      | 4397 ||| INVOKING Heroism.
  4421 | D:5      | Found an ornate altar of the Wu Jian Council.
  4423 | D:5      | Found a basalt altar of Yredelemnul.
  4425 | D:5      | Found a shimmering blue altar of Sif Muna.
  4432 | D:5      | 4432 ||| DRINKING 2 grey potions.
  4464 | D:5      | 4464 ||| DRINKING 2 smoky cyan potions.
  4464 | D:5      | Gained mutation: Your magical capacity is low. (-10% MP)
                  | [potion of mutation]
  4464 | D:5      | Gained mutation: Your flesh is heat resistant. (rF+)
                  | [potion of mutation]
  4465 | D:5      | 4465 ||| READING 3 scrolls of identify.
  4465 | D:5      | 4465 ||| IDENTIFYING murky silvery potion
  4466 | D:5      | 4466 ||| READING 2 scrolls of identify.
  4466 | D:5      | 4466 ||| IDENTIFYING inky potion
  4467 | D:5      | 4467 ||| DROPPING potion of invisibility.
  4520 | D:6      | Reached skill level 6 in Axes
  4551 | D:6      | 4551 ||| Stepping ~*~*~tactically~*~*~ (hiding).
  4552 | D:6      | 4552 ||| Stepping ~*~*~tactically~*~*~ (hiding).
  4577 | D:6      | 4577 ||| Stepping ~*~*~tactically~*~*~ (hiding).
  4590 | D:6      | Reached skill level 1 in Invocations
  4656 | D:6      | 4656 ||| Stepping ~*~*~tactically~*~*~ (stealth).
  4658 | D:6      | 4658 ||| INVOKING Heroism.
  4670 | D:6      | 4670 ||| INVOKING Heroism.
  4673 | D:6      | Reached skill level 10 in Shields
  4673 | D:6      | Reached XP level 9. HP: 28/52 MP: 4/9
  4687 | D:6      | 4687 ||| INVOKING Heroism.
  4691 | D:6      | Reached skill level 1 in Dodging
  4691 | D:6      | Reached skill level 3 in Invocations
  4843 | D:6      | 4843 ||| Stepping ~*~*~tactically~*~*~ (hiding).
  4847 | D:6      | 4847 ||| INVOKING Heroism.
  4848 | D:6      | Identified the staff "Jellyslayer" {Will++ MP+9 Dex-3 SInv
                  | Earth}
  4850 | D:6      | 4850 ||| Stepping ~*~*~tactically~*~*~ (hiding).
  4859 | D:6      | 4859 ||| INVOKING Heroism.
  4862 | D:6      | 4862 ||| Stepping ~*~*~tactically~*~*~ (hiding).
  4892 | D:6      | 4892 ||| Stepping ~*~*~tactically~*~*~ (stealth).
  5077 | D:6      | 5077 ||| Stepping ~*~*~tactically~*~*~ (hiding).
  5079 | D:6      | 5079 ||| Stepping ~*~*~tactically~*~*~ (hiding).
  5081 | D:6      | 5081 ||| Stepping ~*~*~tactically~*~*~ (hiding).
  5084 | D:6      | 5084 ||| INVOKING Heroism.
  5104 | D:6      | 5104 ||| Stepping ~*~*~tactically~*~*~ (stealth).
  5106 | D:6      | 5106 ||| Stepping ~*~*~tactically~*~*~ (hiding).
  5114 | D:6      | 5114 ||| INVOKING Heroism.
  5120 | D:6      | 5120 ||| Stepping ~*~*~tactically~*~*~ (stealth).
  5121 | D:6      | 5121 ||| Stepping ~*~*~tactically~*~*~ (hiding).
  5364 | D:6      | 5364 ||| UPGRADING to +0 plate armour.
  5374 | D:6      | 5374 ||| DROPPING +0 chain mail.
  5375 | D:6      | 5375 ||| UPGRADING to +0 cloak.
  5436 | D:7      | 5436 ||| PLANNING OSSUARY
  5465 | D:7      | 5465 ||| Stepping ~*~*~tactically~*~*~ (hiding).
  5477 | D:7      | 5477 ||| Stepping ~*~*~tactically~*~*~ (stealth).
  5510 | D:7      | 5510 ||| Stepping ~*~*~tactically~*~*~ (hiding).
  5512 | D:7      | 5512 ||| Stepping ~*~*~tactically~*~*~ (hiding).
  5524 | D:7      | 5524 ||| Stepping ~*~*~tactically~*~*~ (stealth).
  5525 | D:7      | 5525 ||| INVOKING Heroism.
  5726 | D:7      | Found a blossoming altar of Fedhas.
  5726 | D:7      | Found a white marble altar of Elyvilon.
  5830 | D:7      | 5830 ||| Stepping ~*~*~tactically~*~*~ (stealth).
  5834 | D:7      | 5834 ||| INVOKING Heroism.
  5886 | D:7      | 5886 ||| Stepping ~*~*~tactically~*~*~ (hiding).
  5944 | D:7      | Found a broken altar of Ashenzari.
  5991 | D:7      | Found a sand-covered staircase.
  5999 | Ossuary  | Entered an ossuary
  6157 | Ossuary  | 6157 ||| DRINKING 2 fizzy silvery potions.
  6158 | Ossuary  | 6158 ||| DROPPING potion of degeneration.
  6166 | D:7      | 6166 ||| PLANNING D:1-11
  6188 | D:7      | Reached XP level 10. HP: 59/59 MP: 11/11
  6204 | D:7      | 6204 ||| Stepping ~*~*~tactically~*~*~ (stealth).
  6291 | D:7      | Found a shadowy altar of Dithmenos.
  6291 | D:7      | Found a burning altar of Makhleb.
  6572 | D:7      | 6572 ||| INVOKING Heroism.
  6706 | D:7      | 6706 ||| READING scroll labelled TEZXUNN OLISIN.
  7121 | D:8      | 7121 ||| INVOKING Heroism.
  7124 | D:8      | Reached skill level 11 in Shields
  7289 | D:8      | 7289 ||| READING scroll of enchant armour.
  7289 | D:8      | 7289 ||| ENCHANTING +0 pair of boots.
  7311 | D:8      | Noticed an oklob plant
  7312 | D:8      | 7312 ||| INVOKING Heroism.
  7316 | D:8      | Noticed an oklob plant
  7316 | D:8      | Noticed an oklob plant
  7316 | D:8      | Paralysed by a floating eye for 3 turns
  7326 | D:8      | Killed an oklob plant
  7327 | D:8      | Reached skill level 6 in Fighting
  7328 | D:8      | 7328 ||| FLEEEEING.
  7329 | D:8      | 7329 ||| FLEEEEING.
  7330 | D:8      | 7330 ||| FLEEEEING.
  7458 | D:8      | 7458 ||| INVOKING Heroism.
  7477 | D:8      | 7477 ||| INVOKING Heroism.
  7479 | D:8      | Killed from afar by an oklob plant

Levels and vault maps discovered:
D:1:      wheals_arrival_shading, layout_basic
D:2:      layout_rooms, roderic_roman_lattice
D:3:      layout_basic, cheibrodos_sewer_entry_sluice,
          shapermc_ecumenical_altar_rom_forum
D:4:      layout_loops_ring, cheibriados_altar_1,
          minmay_temple_entry_statues_pillars
D:5:      layout_loops_ring, mainiacjoe_overflow_chevrons,
          chequers_temple_overflow_minitemple, doesnt_shop_hydraphobe,
          uniq_edmund, uniq_blork_the_orc
D:6:      layout_basic
D:7:      layout_basic, gammafunk_temple_overflow_wave,
          gammafunk_temple_overflow_elements, mainiacjoe_overflow_alcove_1,
          lightli_ossuary_entry_decrepit_ruins
D:8:      layout_basic, amcnicky_mini_rare_corridor_liquid, minmay_holes,
          disabler_island, uniq_psyche
Temple:   compressed_dpeg_triangle_lava_temple

Skill      XL: |  1  2  3  4  5  6  7  8  9 10 |
---------------+-------------------------------+-----
Axes           | 2 3 4 5 6 7 8 |  8.1
Shields        | 4 5 7 8 10 11 | 11.0
Fighting       | 4 5 6 |  6.1
Invocations    | 2 4 |  4.2
Dodging        | 1 |  1.2
Armour         | 4 5 |  5.3

Action                     |  1- 3 |  4- 6 |  7- 9 | 10-12 || total
---------------------------+-------+-------+-------+-------++-------
  Melee: War axe           |    93 |    87 |   284 |    75 ||   539
  Throw: Boomerang         |       |    71 |    54 |       ||   125
 Invoke: Heroism           |       |       |    10 |     5 ||    15
    Use: Scroll            |     2 |    10 |     7 |     2 ||    21
         Potion            |       |     3 |     3 |       ||     6
 Armour: Scale mail        |    55 |    52 |       |       ||   107
         Chain mail        |       |    12 |    69 |       ||    81
         Plate armour      |       |       |    30 |    18 ||    48
  Dodge: Dodged            |    35 |    38 |    30 |     9 ||   112
  Block: Buckler           |     9 |       |       |       ||     9
         Tower shield      |    14 |    85 |   164 |    33 ||   296

Table legend:
 A = Non-vault XP
 B = Vault XP
 C = Vault XP percentage of total XP
 D = Non-vault monster count
 E = Vault monster count
 F = Vault count percentage of total count
                 A         B        C        D         E       F
            +---------+---------+-------+---------+---------+-------
      Total |    4977 |    1584 |  24.1 |     177 |      83 |  31.9
            +---------+---------+-------+---------+---------+-------
        D:1 |      45 |       0 |   0.0 |      23 |       0 |   0.0
        D:2 |      48 |       0 |   0.0 |      13 |       0 |   0.0
        D:3 |      56 |      22 |  28.2 |      10 |       4 |  28.6
        D:4 |     427 |       0 |   0.0 |      34 |       0 |   0.0
        D:5 |     623 |     258 |  29.3 |      14 |       2 |  12.5
        D:6 |    1478 |       0 |   0.0 |      32 |       0 |   0.0
        D:7 |    1871 |       0 |   0.0 |      44 |       0 |   0.0
        D:8 |     429 |     693 |  61.8 |       7 |       2 |  22.2
      Sewer |       0 |     373 | 100.0 |       0 |      51 | 100.0
    Ossuary |       0 |     238 | 100.0 |       0 |      24 | 100.0
            +---------+---------+-------+---------+---------+-------
